 Dungeon Crawl Stone Soup version 0.29.0-4-gdea44cf6ec (webtiles) character file.

Game seed: 4864782247985443340

64 qw the Sneak (level 4, -2/35 HPs)
             Began as a Ghoul Enchanter on Sept 5, 2022.
             Slain by a phantom (6 damage)
             ... on level 3 of the Dungeon.
             The game lasted 00:01:10 (2172 turns).

qw the Sneak (Ghoul Enchanter)                      Turns: 2172, Time: 00:01:11

Health: -2/35      AC:  5    Str: 13    XL:     4   Next: 12%
Magic:  5/5        EV:  8    Int: 10    God:
Gold:   2          SH:  6    Dex:  9    Spells: 6/6 levels left

rFire   . . .      SeeInvis .     - Unarmed
rCold   + . .      Faith    .   e - +0 kite shield
rNeg    + + +      Spirit   .   d - +0 ring mail
rPois   inf        Reflect  .   (no helmet)
rElec   .          Harm     .   (no cloak)
rCorr   .          Rampage  .   (no gloves)
Will    .....                   (no boots)
Stlth   +.........              (no amulet)
HPRegen 0.00/turn               (no ring)
MPRegen 0.09/turn               (no ring)

@: inhibited regen
A: claws 1, cold resistance 1, negative energy resistance 3, inhibited
regeneration, torment resistance 2, devour on kill
a: no special abilities


You were on level 3 of the Dungeon.
You visited 1 branch of the dungeon, and saw 3 of its levels.

You collected 96 gold pieces.
You spent 94 gold pieces at shops.


Innate Abilities, Weirdness & Mutations

You are immune to poison.
You have sharp fingernails.
Your flesh is cold resistant. (rC+)
You are immune to negative energy. (rN+++)
You do not regenerate when monsters are visible.
You are immune to unholy pain and torment.
You thrive by killing the living.


   Skills:
 - Level 1.0 Fighting
 - Level 0.8 Short Blades
 - Level 1.7 Dodging
 - Level 3.2 Stealth
 + Level 1.3 Shields
 - Level 3.1 Unarmed Combat
 - Level 1.7 Spellcasting
 - Level 2.4 Hexes


You had 6 spell levels left.
You didn't know any spells.
Your spell library contained the following spells:

 Spells                   Type           Power      Damage    Failure   Level
 Ensorcelled Hibernation  Hex/Ice        6%         N/A       92%         2
 Confusing Touch          Hex            5%         N/A       95%         3
 Tukima's Dance           Hex            5%         N/A       95%         3
 Dazzling Flash           Conj/Hex       6%         N/A       99%         3

Inventory:

Armour
 d - a +0 ring mail (worn)
 e - a +0 kite shield (worn)
 f - a +0 chain mail
Jewellery
 k - a ring of fire
Scrolls
 c - 2 scrolls of identify
Potions
 a - a potion of attraction {unknown}
 b - a potion of berserk rage {unknown}
 g - a potion of mutation {unknown}
 h - a potion of degeneration {unknown}

Dungeon Overview and Level Annotations

Branches:
Dungeon (3/15)

Altars:

Shops:
D:3 [


Message History

The orc hits you with a +0 club. The phantom closely misses you.
You closely miss the phantom.
The phantom is severely damaged.
The orc hits you but does no damage. The phantom barely misses you.
You closely miss the phantom.
The phantom is severely damaged.
The orc barely misses you. The phantom barely misses you.
You scratch the phantom.
The phantom is severely damaged.
The orc hits you with a +0 club. The phantom barely misses you.
You barely miss the phantom.
The phantom is severely damaged.
The orc barely misses you. The phantom hits you.
The phantom blinks!
You blink.
You barely miss the phantom.
The phantom is severely damaged.
The phantom barely misses you. The phantom hits you.
The phantom blinks!
You blink.
2164 ||| Stepping ~*~*~tactically~*~*~ (outnumbered).
2165 ||| Stepping ~*~*~tactically~*~*~ (outnumbered).
2166 ||| Stepping ~*~*~tactically~*~*~ (outnumbered).
There is an open door here.
You scratch the orc.
The orc is severely wounded.
The orc hits you but does no damage.
You scratch the orc.
You kill the orc!
You feel better.
You closely miss the phantom.
The phantom is severely damaged.
The phantom hits you but does no damage.
You miss the phantom.
The phantom is severely damaged.
The phantom hits you.
The phantom blinks!
You blink.
You scratch the phantom but do no damage.
The phantom is severely damaged.
The phantom hits you.
You scratch the phantom.
The phantom is almost destroyed.
The phantom hits you.
You die...

#....###.......
##.#...........
........##.#..
##......##.#..
#......##..#..
###'#....#...#.. .
####~#.#.....<..... ..
#W.###.###.##...... $..
#.@+..\..'.##.....# ....
##..###.###......#.# ....
#<....#.#~#.###..#.#
#..###.....#'#.#.###.##..
#...#.....)[....##..##..
#.#.....................
#.##...........#...##..#
.......#####...#.......#
.............)....#..###


You could see a phantom.

Vanquished Creatures
  2 adders
  A worm (D:2)
  A dart slug (D:3)
  An orc (D:3)
  4 ball pythons
  3 bats
  5 endoplasms
  A giant cockroach (D:1)
  5 goblins
  A hobgoblin (D:1)
  5 jackals (D:2)
  4 kobolds
  2 frilled lizards (D:2)
  2 rats (D:1)
37 creatures vanquished.

Notes
Turn   | Place    | Note
-------+----------+-------------------------------------------
     0 | D:1      | qw the Ghoul Enchanter began the quest for the Orb.
     0 | D:1      | Reached XP level 1. HP: 14/14 MP: 2/2
     0 | D:1      | 0 ||| qw: Version: 0.1-a-104-g96f76f8
     0 | D:1      | 0 ||| qw: Game counter: 5964
     0 | D:1      | 0 ||| qw: Always use a shield: true
     0 | D:1      | 0 ||| qw: God list: Okawaru
     0 | D:1      | 0 ||| qw: Allow faded altars: false
     0 | D:1      | 0 ||| qw: Do Orc after D:15 true
     0 | D:1      | 0 ||| qw: Do second Lair branch before Depths: true
     0 | D:1      | 0 ||| qw: Lair rune preference: random
     0 | D:1      | 0 ||| qw: Plans: Normal
     0 | D:1      | 0 ||| PLANNING D:1-11
     1 | D:1      | 1 ||| DROPPING +1 dagger.
    70 | D:1      | Reached skill level 1 in Unarmed Combat
   230 | D:1      | Reached skill level 1 in Fighting
   230 | D:1      | Reached XP level 2. HP: 23/23 MP: 3/3
   234 | D:1      | 234 ||| Stepping ~*~*~tactically~*~*~ (outnumbered).
   235 | D:1      | 235 ||| Stepping ~*~*~tactically~*~*~ (outnumbered).
   236 | D:1      | 236 ||| Stepping ~*~*~tactically~*~*~ (outnumbered).
   237 | D:1      | 237 ||| Stepping ~*~*~tactically~*~*~ (outnumbered).
   238 | D:1      | 238 ||| Stepping ~*~*~tactically~*~*~ (outnumbered).
   239 | D:1      | 239 ||| Stepping ~*~*~tactically~*~*~ (outnumbered).
   241 | D:1      | 241 ||| Stepping ~*~*~tactically~*~*~ (outnumbered).
   726 | D:1      | 726 ||| UPGRADING to +0 leather armour.
   736 | D:1      | 736 ||| DROPPING +0 robe.
   737 | D:1      | 737 ||| READING scroll labelled NAOKKI ZEGIE.
   738 | D:1      | 738 ||| READING 2 scrolls labelled IPYJIAG YKAAWK.
   739 | D:1      | 739 ||| DRINKING 2 glowing pink potions.
   740 | D:1      | 740 ||| DROPPING 2 potions of invisibility.
   741 | D:1      | 741 ||| DROPPING potion of brilliance.
  1028 | D:2      | Reached XP level 3. HP: 21/28 MP: 4/4
  1251 | D:2      | 1251 ||| Stepping ~*~*~tactically~*~*~ (stealth).
  1387 | D:2      | Reached skill level 3 in Unarmed Combat
  1388 | D:2      | Found a faded altar of an unknown god.
  1896 | D:2      | 1896 ||| UPGRADING to +0 ring mail.
  1906 | D:2      | 1906 ||| UPGRADING to +0 kite shield.
  1911 | D:2      | 1911 ||| DROPPING +0 leather armour.
  1912 | D:2      | 1912 ||| READING 2 scrolls labelled ZUATOWK KOYTHY.
  1913 | D:2      | 1913 ||| READING scroll labelled MOUNUR ODUN.
  1914 | D:2      | 1914 ||| READING scroll labelled SOBAJI WIZADDU.
  1915 | D:2      | 1915 ||| READING scroll labelled OWKIW AFITOS.
  1920 | D:2      | 1920 ||| DRINKING 2 ruby potions.
  1921 | D:2      | 1921 ||| DROPPING potion of flight.
  1922 | D:2      | 1922 ||| DROPPING scroll of magic mapping.
  1956 | D:3      | 1956 ||| Stepping ~*~*~tactically~*~*~ (stealth).
  1965 | D:3      | 1965 ||| Stepping ~*~*~tactically~*~*~ (stealth).
  1979 | D:3      | Reached skill level 1 in Shields
  1987 | D:3      | Reached XP level 4. HP: 28/35 MP: 5/5
  1987 | D:3      | 1987 ||| FLEEEEING.
  1988 | D:3      | 1988 ||| FLEEEEING.
  1989 | D:3      | 1989 ||| FLEEEEING.
  1990 | D:3      | 1990 ||| STAIRDANCE
  2079 | D:3      | Found Iqotz's Antique Armour Boutique.
  2089 | D:3      | 2089 ||| BUYING chain mail (94 gold).
  2089 | D:3      | Bought a chain mail for 94 gold pieces
  2089 | D:3      | 2089 ||| SHOPLISTING pair of gloves (94 gold, have 2).
  2089 | D:3      | 2089 ||| SHOPLISTING shiny chain mail (157 gold, have 2).
  2099 | D:3      | 2099 ||| Stepping ~*~*~tactically~*~*~ (stealth).
  2101 | D:3      | 2101 ||| Stepping ~*~*~tactically~*~*~ (stealth).
  2105 | D:3      | 2105 ||| Stepping ~*~*~tactically~*~*~ (stealth).
  2106 | D:3      | 2106 ||| Stepping ~*~*~tactically~*~*~ (stealth).
  2122 | D:3      | Noticed a phantom
  2123 | D:3      | 2123 ||| Stepping ~*~*~tactically~*~*~ (stealth).
  2124 | D:3      | 2124 ||| Stepping ~*~*~tactically~*~*~ (stealth).
  2131 | D:3      | 2131 ||| Stepping ~*~*~tactically~*~*~ (stealth).
  2132 | D:3      | 2132 ||| Stepping ~*~*~tactically~*~*~ (stealth).
  2133 | D:3      | 2133 ||| Stepping ~*~*~tactically~*~*~ (stealth).
  2134 | D:3      | 2134 ||| Stepping ~*~*~tactically~*~*~ (stealth).
  2163 | D:3      | HP: 8/35 [phantom (2)]
  2164 | D:3      | 2164 ||| Stepping ~*~*~tactically~*~*~ (outnumbered).
  2165 | D:3      | 2165 ||| Stepping ~*~*~tactically~*~*~ (outnumbered).
  2166 | D:3      | 2166 ||| Stepping ~*~*~tactically~*~*~ (outnumbered).
  2170 | D:3      | HP: 6/35 [phantom (5)]
  2172 | D:3      | Slain by a phantom

Levels and vault maps discovered:
D:1:      minmay_arrival_radiant_lines, layout_rooms
D:2:      layout_loops_ring, dreamdust_ecumenical_altar_statues,
          minmay_tetromino_o2
D:3:      layout_rooms, serial_shops, nicolae_lakefront_shop,
          nicolae_shop_window_shopping, nicolae_shop_hallway_plus

Skill      XL: |  1  2  3 |
---------------+----------+-----
Unarmed Combat | 1 2 3 |  3.1
Fighting       | 1 |  1.0
Shields        | 1 |  1.3
Short Blades   | |  0.8
Dodging        | |  1.7
Stealth        | |  3.2
Spellcasting   | |  1.7
Hexes          | |  2.4

Action                   |  1- 3 |  4- 6 || total
-------------------------+-------+-------++-------
Melee: Unarmed           |   152 |    39 ||   191
       Punch             |     1 |       ||     1
  Use: Scroll            |     6 |       ||     6
       Potion            |     2 |       ||     2
 Stab: Distracted        |     1 |       ||     1
Armor: Robe              |     4 |       ||     4
       Leather armour    |    18 |       ||    18
       Ring mail         |    12 |    12 ||    24
Dodge: Dodged            |    93 |    15 ||   108
Block: Kite shield       |     9 |     7 ||    16

Table legend:
 A = Non-vault XP
 B = Vault XP
 C = Vault XP percentage of total XP
 D = Non-vault monster count
 E = Vault monster count
 F = Vault count percentage of total count
                 A         B        C        D         E       F
            +---------+---------+-------+---------+---------+-------
      Total |      90 |       2 |   2.2 |      35 |       2 |   5.4
            +---------+---------+-------+---------+---------+-------
        D:1 |      23 |       0 |   0.0 |      13 |       0 |   0.0
        D:2 |      37 |       2 |   5.1 |      14 |       2 |  12.5
        D:3 |      30 |       0 |   0.0 |       8 |       0 |   0.0
            +---------+---------+-------+---------+---------+-------
